 Dungeon Crawl Stone Soup version 0.31.0-11-ge490571c62 (webtiles) character file.

Game seed: 8370502753507503698

415 SnakkuSnakku7 the Changeling (level 6, -3/43 HPs)
             Began as a Merfolk Conjurer on Jan 31, 2024.
             Incinerated by a bombardier beetle (5 damage)
             ... with a burning spray
             ... on level 4 of the Dungeon.
             The game lasted 00:06:32 (3569 turns).

SnakkuSnakku7 the Changeling (Merfolk Conjurer)     Turns: 3569, Time: 00:06:32

Health: -3/43      AC:  3    Str:  9    XL:     6   Next: 91%
Magic:  9/9        EV: 12    Int: 18    God:
Gold:   266        SH:  0    Dex: 12    Spells: 8/9 levels left

rFire   . .          .
                       - Unarmed
rCold   . . .        (no shield)
rNeg    . . .        a - +0 robe
rPois   .            o - +0 helmet
rElec   .            (no cloak)
rCorr   .            (no gloves)
SInv    .            (no boots)
Will    .....        (no amulet)
Stlth   +            (no ring)
HPRegen 0.27/turn    (no ring)
MPRegen 0.11/turn

%: no passive effects
@: confused, on fire, ambrosia-drunk, glowing
A: (nimble swimmer 2), mertail
a: no special abilities


You were on level 4 of the Dungeon.
You visited 1 branch of the dungeon, and saw 4 of its levels.

You collected 266 gold pieces.

Inventory:

Missiles
 e - 6 poisoned darts
Armour
 a - a +0 robe (worn)
 o - a +0 helmet (worn)
Jewellery
 u - a ring of wizardry
 y - a +6 ring of intelligence
Talismans
 j - a granite talisman
Wands
 x - a wand of iceblast (7)
Scrolls
 c - 3 scrolls of teleportation {unknown}
 d - a scroll of fear {unknown}
 g - a scroll of blinking {unknown}
 h - 2 scrolls of identify {unknown}
 i - 3 scrolls of immolation
 l - 2 scrolls of silence {unknown}
 m - a scroll of noise {unknown}
 n - a scroll of vulnerability {unknown}
 r - a scroll of amnesia {unknown}
 s - a scroll of torment {unknown}
 v - a scroll of revelation {unknown}
Potions
 b - 2 potions of magic
 f - 2 potions of curing {unknown}
 k - a potion of haste {unknown}
 p - a potion of heal wounds {unknown}
 q - a potion of brilliance {unknown}
 t - a potion of mutation {unknown}
 w - a potion of ambrosia
 z - a potion of degeneration {unknown}


   Skills:
 - Level 1.4 Fighting
 - Level 2.6 Dodging
 - Level 2.1 Stealth
 + Level 5.1 Unarmed Combat
 - Level 2.0 Spellcasting
 - Level 3.2 Conjurations
 + Level 5.2 Shapeshifting


You had 8 spell levels left.
You knew the following spells:

 Your Spells              Type           Power      Damage    Failure   Level
a - Magic Dart            Conj           52%        1d5       4%          1

Your spell library contained the following spells:

 Spells                   Type           Power      Damage    Failure   Level
 Searing Ray              Conj           26%        2d5       7%          2
 Foxfire                  Conj/Fire      28%        2x1d5     10%         1
 Cigotuvi's Dreadful Rot  Necr/Alch/Air  2%         N/A       26%         2
 Fulminant Prism          Conj/Alch      3%         3d5       67%         4
 Iskenderun's Mystic Bla  Conj/Tloc      7%         2d4       67%         4
 Cause Fear               Hex            0%         N/A       87%         4
 Dispel Undead            Necr           1%         3d6       87%         4
 Martyr's Knell           Necr/Summ      1%         N/A       87%         4
 Fireball                 Conj/Fire      3%         3d4       95%         5
 Death Channel            Necr           0%         N/A       100%        6
 Plasma Beam              Fire/Air       0%         2x1d10    100%        6
 Starburst                Conj/Fire      3%         6d3       100%        6
 Dragon's Call            Summ           0%         N/A       100%        9


Dungeon Overview and Level Annotations

Branches:
Dungeon (4/15)
 Temple: D:4-7

Altars:
Xom


Innate Abilities, Weirdness & Mutations

((You are very nimble when in or above water. (Stealth+, EV+, Speed+++)))
Your lower body shifts to a powerful aquatic tail in water.


Message History

You completely miss the bombardier beetle.
The bombardier beetle is severely wounded.
The liquid fire burns you!
The bombardier beetle sprays incendiary fluid at you.
The burning spray misses you.
You hit the bombardier beetle but do no damage.
The bombardier beetle is severely wounded.
The liquid fire burns you!
You hit the bombardier beetle.
The bombardier beetle is almost dead.
The liquid fire burns you!
The bombardier beetle sprays incendiary fluid at you.
The burning spray hits you.
You are even more covered in liquid fire!
You hit the bombardier beetle but do no damage.
The bombardier beetle is almost dead.
The liquid fire burns you!
You hit the bombardier beetle.
The bombardier beetle is almost dead.
The liquid fire burns you!
The bombardier beetle barely misses you.
You hit the bombardier beetle but do no damage.
The bombardier beetle is almost dead.
The liquid fire burns you!
* * * LOW HITPOINT WARNING * * *
You hit the bombardier beetle.
You kill the bombardier beetle!
The liquid fire burns you!
* * * LOW HITPOINT WARNING * * *
You shake off some of the fire as you move.
The liquid fire burns you!
* * * LOW HITPOINT WARNING * * *
You shake off some of the fire as you move.
The liquid fire burns you!
* * * LOW HITPOINT WARNING * * *
It was a potion of ambrosia.
You are confused.
You feel invigorated. The liquid fire burns you!
You die...

###.............
##.......#####.
##.......## ##
##..###..## #
##..## ##.## ##
#..## #..######.
##.## #.........
#..# ##########
#.@# #..# #..#
#### ### #..#
#..######.. ####
#....(....#
###...#####
#####


There were no monsters in sight!

Vanquished Creatures
  A scorpion (D:4)
  2 bombardier beetles (D:4)
  4 orc wizards (D:4)
  7 gnolls
  2 adders
  An adder skeleton (D:2)
  4 adder zombies (D:2)
  A dart slug (D:1)
  11 orcs
  9 ball pythons
  6 bats
  2 bat skeletons (D:2)
  A bat zombie (D:2)
  7 endoplasms
  A giant cockroach (D:2)
  10 goblins
  7 hobgoblins
  6 kobolds
  2 quokkas (D:2)
  A ball python zombie (D:2)
  3 frilled lizards
  A giant cockroach zombie (D:2)
  A quokka skeleton (D:2)
  A quokka zombie (D:2)
  2 rats
93 creatures vanquished.

Notes
Turn   | Place    | Note
-------+----------+-------------------------------------------
     0 | D:1      | SnakkuSnakku7 the Merfolk Conjurer began the quest for the
                  | Orb.
     0 | D:1      | Reached XP level 1. HP: 13/13 MP: 3/3
   136 | D:1      | Found a faded altar of an unknown god.
   163 | D:1      | Reached skill level 1 in Fighting
   163 | D:1      | Reached skill level 1 in Unarmed Combat
   163 | D:1      | Reached XP level 2. HP: 21/21 MP: 1/5
   657 | D:2      | Reached skill level 1 in Shapeshifting
   657 | D:2      | Reached XP level 3. HP: 25/26 MP: 2/6
  1055 | D:3      | Found a shimmering altar of Xom.
  1116 | D:3      | Reached XP level 4. HP: 29/32 MP: 7/7
  2432 | D:2      | Reached XP level 5. HP: 37/37 MP: 3/8
  3110 | D:4      | Reached XP level 6. HP: 43/43 MP: 7/9
  3197 | D:4      | Reached skill level 5 in Shapeshifting
  3327 | D:4      | Reached skill level 5 in Unarmed Combat
  3568 | D:4      | HP: 2/43 [burnt (5)]
  3569 | D:4      | Incinerated by a bombardier beetle

Illustrated notes

Levels and vault maps discovered:
D:1:      spicycebolla_arrival_clurvy, layout_basic,
          ebering_ecumenical_altar_sacrificial, minmay_misc_feat_encased
D:2:      layout_loops_corners, serial_undead, serial_undead_f, serial_undead_a,
          serial_undead_b, serial_undead_d, serial_undead_f, serial_undead_d,
          serial_undead_b, serial_undead_b, minmay_misc_feat_tower,
          minmay_misc_feat_five
D:3:      layout_loops_ring, mainiacjoe_overflow_surrounded_room,
          chequers_big_river, minmay_misc_feat_hallway, minmay_statues_item,
          minmay_misc_feat_rugged, nrook_campfire
D:4:      layout_layer_cave

Skill      XL: |  1  2  3  4  5  6 |
---------------+-------------------+-----
Fighting       | 1 |  1.4
Unarmed Combat | 1 2 3 4 5 |  5.1
Shapeshifting  | 1 2 3 4 5 |  5.2
Dodging        | |  2.6
Stealth        | |  2.1
Spellcasting   | |  2.0
Conjurations   | |  3.2

Action                     |  1- 3 |  4- 6 || total
---------------------------+-------+-------++-------
  Melee: Unarmed           |   106 |   224 ||   330
         Tailslap          |       |     8 ||     8
         Punch             |       |     7 ||     7
   Cast: Magic Dart        |    38 |    22 ||    60
  Evoke: Wand              |       |    12 ||    12
    Use: Scroll            |       |     1 ||     1
         Potion            |       |     1 ||     1
   Stab: Sleeping          |     1 |     2 ||     3
 Armour: Robe              |    70 |   114 ||   184
  Dodge: Dodged            |    74 |   141 ||   215
